 Dungeon Crawl Stone Soup version 0.18.1-1-g2f07953 (webtiles) character file.

33 Chiseanne the Magician (level 3, 24/24 HPs)
             Began as a Demonspawn Wizard on May 6, 2016.
             Quit the game on level 2 of the Dungeon.
             The game lasted 00:02:16 (1366 turns).

Chiseanne the Magician (Demonspawn Wizard)          Turns: 1366, Time: 00:02:17

Health: 24/24      AC:  3    Str:  7    XL:     3   Next: 12%
Magic:  4/8        EV: 12    Int: 20    God:
Gold:   81         SH:  0    Dex: 11    Spells: 1 memorised, 8 levels left

rFire  . . .     SeeInvis .     e - +0 short sword
rCold  + . .     Gourm    .     a - +0 robe
rNeg   . . .     Faith    .     (no shield)
rPois  .         Spirit   .     b - +1 hat
rElec  .         Dismiss  .     (no cloak)
rCorr  .         Reflect  .     (no gloves)
SustAt .         Harm     .     (no boots)
MR     .....                    (no amulet)
Stlth  +++.......               (no ring)
                                (no ring)

@: not resistant to hostile enchantments, fairly stealthy
A: cold resistance 1, nightstalker 1
a: no special abilities


You were on level 2 of the Dungeon.
You were not hungry.

You visited 1 branch of the dungeon, and saw 2 of its levels.

You collected 81 gold pieces.

Inventory:

Hand Weapons
 e - a +0 short sword (weapon)
 l - a cursed +0 hunting sling
Armour
 a - a +0 robe (worn)
 b - a +1 hat (worn)
Jewellery
 o - a +3 ring of strength {unknown}
Scrolls
 k - 2 scrolls of blinking
Potions
 f - a potion of magic {unknown}
 g - a potion of might
 h - a potion of degeneration {unknown}
Books
 c - a book of Minor Magic

   Spells                             Type                      Level
   a - Magic Dart                     Conjuration                  1
   b - Blink                          Translocation                2
   c - Call Imp                       Summoning                    2
   d - Repel Missiles                 Charms/Air                   2
   e - Slow                           Hexes                        2
   f - Conjure Flame                  Conjuration/Fire             3
   g - Mephitic Cloud                 Conjuration/Poison/Air       3
Comestibles
 d - a bread ration
 i - a fruit
 j - 8 chunks of flesh


   Skills:
 - Level 1.7 Dodging
 - Level 1.7 Stealth
 * Level 3.6 Spellcasting
 * Level 2.0 Conjurations
   Level 1.0 Summonings
   Level 0.8 Translocations


You had 8 spell levels left.
You knew the following spells:

 Your Spells              Type           Power        Failure   Level  Hunger
a - Magic Dart            Conj           ##..         10%         1    None


Dungeon Overview and Level Annotations

Branches:
Dungeon (2/15)

Altars:
Okawaru
Pakellas


Innate Abilities, Weirdness & Mutations

Your flesh is cold resistant.
You are slightly more attuned to the shadows.


Message History

Confirm with . or Enter, or press ? or * to list all spells.
Aiming: Magic Dart
Press: ? - help, Shift-Dir - straight line, f/p - adder
Aim: an adder (heavily wounded)
The magic dart hits the adder.
The adder is almost dead.
Casting: Magic Dart
Confirm with . or Enter, or press ? or * to list all spells.
Aiming: Magic Dart
Press: ? - help, Shift-Dir - straight line, f/p - adder
Aim: an adder (almost dead)
The magic dart hits the adder.
You kill the adder!
Your Conjurations skill increases to level 2!
You have reached level 3!
Your experience leads to an increase in your attributes!
Increase (S)trength, (I)ntelligence, or (D)exterity?
You feel clever.
Your demonic ancestry asserts itself...
You slip into the darkness of the dungeon.
Are you sure you want to abandon this character and quit the game? (Confirm with "yes".)

...# ....# .g..#
....# #.#.# #.#.#
#.#.### #†#...#
#.@.#.# ###.#.#
########### #.#.#
#..........
#.#.###.########.
#.#.....# #.
#.####### ## #.#
# .# # #


You could see a goblin (sleeping).

Vanquished Creatures
  An adder (D:2)
  2 giant geckos
  2 ball pythons
  4 bats
  4 hobgoblins
  2 giant newts (D:1)
  3 goblins (D:1)
  4 rats
22 creatures vanquished.

Notes
Turn   | Place    | Note
--------------------------------------------------------------
     0 | D:1      | Chiseanne the Demonspawn Wizard began the quest for the Orb.
     0 | D:1      | Reached XP level 1. HP: 13/13 MP: 4/4
   290 | D:1      | Found an iron altar of Okawaru.
   613 | D:1      | Gained mutation: Your flesh is cold resistant. [demonic ancestry]
   613 | D:1      | Reached XP level 2. HP: 19/19 MP: 0/6
  1317 | D:2      | Found an oddly glowing altar of Pakellas.
  1365 | D:2      | Gained mutation: You are slightly more attuned to the shadows. [demonic ancestry]
  1365 | D:2      | Reached XP level 3. HP: 24/24 MP: 4/8
  1366 | D:2      | Quit the game

Skill      XL: |  1  2 |
---------------+-------+-----
Conjurations   | 2 |  2.0
Dodging        | |  1.7
Stealth        | |  1.7
Spellcasting   | |  3.6
Summonings     | |  1.0
Translocations | |  0.8

Action                   || total
-------------------------++-------
Melee: Short sword       ||     9
 Cast: Magic Dart        ||    47
  Use: Scroll            ||     6
  Eat: Chunk             ||     1
Armor: Robe              ||     4
Dodge: Dodged            ||     6
